 Dungeon Crawl Stone Soup version 0.31.0-12-g77e489cdc1 (webtiles) character file.

Game seed: 101417533767837811

3465 hawla the Fighter (level 9, 0/83 HPs)
             Began as a Minotaur Fighter on Feb 19, 2024.
             Was an Initiate of Yredelemnul.
             Slain by a tengu warrior
             ... wielding a +2 great sword
              (2 damage)
             ... on level 7 of the Dungeon.
             The game lasted 00:19:51 (6492 turns).

hawla the Fighter (Minotaur Fighter)                Turns: 6492, Time: 00:19:52

Health: 0/83       AC: 15    Str: 22    XL:     9   Next: 78%
Magic:  14/14      EV:  6    Int:  5    God:    Yredelemnul [......]
Gold:   214        SH: 13    Dex: 13    Spells: 8/8 levels left

rFire   . . .        a - +1 war axe (elec)
rCold   . . .        r - +0 tower shield
rNeg    . . .        y - +0 plate armour
rPois   +            (helmet restricted)
rElec   .            h - scarf {repulsion}
rCorr   .            (no gloves)
SInv    .            (no boots)
Will    .....        (no amulet) Stlth
                     e - ring of poison resistance
HPRegen 0.33/turn    v - +4 ring of protection
MPRegen 0.14/turn

%: repel missiles
@: no status effects
A: horns 2, retaliatory headbutt
a: Renounce Religion, Recall Undead Harvest


You were on level 7 of the Dungeon.
You worshipped Yredelemnul.
Yredelemnul was aware of your devotion.
You visited 2 branches of the dungeon, and saw 8 of its levels.
You also visited: Sewer.

You collected 295 gold pieces.
You spent 81 gold pieces at shops.

Inventory:

Hand Weapons
 a - a +1 war axe of electrocution (weapon)
Missiles
 B - 5 poisoned darts (quivered)
Armour
 g - a +0 chain mail
 h - a scarf of repulsion (worn)
 r - a +0 tower shield (worn)
 y - a +0 plate armour (worn)
Jewellery
 e - a ring of poison resistance (left hand)
 u - a ring of fire
 v - a +4 ring of protection (right hand)
Wands
 f - a wand of paralysis (13)
 s - a wand of iceblast (10)
Scrolls
 b - a scroll of silence
 n - 2 scrolls of revelation
 o - a scroll of fog
 p - 3 scrolls of poison
 t - a scroll of immolation
 x - a scroll of summoning {unknown}
Potions
 c - a potion of ambrosia {unknown}
 d - a potion of might
 j - 2 potions of magic {unknown}
 k - 4 potions of mutation {unknown}
 l - 2 potions of cancellation {unknown}
 m - 2 potions of heal wounds
 q - 2 potions of resistance {unknown}
 z - a potion of curing {unknown}
 A - a potion of lignification {unknown}


   Skills:
 - Level 9.0 Fighting
 - Level 2.4 Axes
 - Level 3.6 Armour
 - Level 8.0 Dodging
 - Level 5.0 Shields
 + Level 8.1 Invocations
 - Level 4.0 Evocations


You had 8 spell levels left.
You didn't know any spells.
Your spell library contained the following spells:

 Spells                   Type           Power      Damage    Failure   Level
 Slow                     Hex            0%         N/A       100%        1
 Blink                    Tloc           0%         N/A       100%        2
 Lesser Beckoning         Tloc           0%         N/A       100%        2
 Momentum Strike          Conj/Tloc      0%         3d8       100%        2
 Confusing Touch          Hex            0%         N/A       100%        3
 Ozocubu's Armour         Ice            0%         N/A       100%        3
 Sigil of Binding         Hex            0%         N/A       100%        3
 Vampiric Draining        Necr           0%         2d6       100%        3
 Metabolic Englaciation   Hex/Ice        0%         N/A       100%        5
 Sculpt Simulacrum        Ice/Alch       0%         N/A       100%        6
 Haunt                    Necr/Summ      0%         N/A       100%        7
 Infestation              Necr           0%         N/A       100%        8
 Animate Dead             Necr           Unusable   N/A       N/A         4

Dungeon Overview and Level Annotations

Branches:
Dungeon (7/15)             Temple (1/1) D:5           Sewer (visited)

Altars:
Ashenzari
Cheibriados
Dithmenos
Elyvilon
Fedhas
Gozag
Hepliaklqana
Makhleb
Nemelex Xobeh
Okawaru
Qazlal
Ru
Trog
Uskayaw
Vehumet
Xom
Yredelemnul
The Shining One

Shops:
D:3 =   D:4 !*=*


Innate Abilities, Weirdness & Mutations

You have a pair of horns on your head.
You reflexively headbutt those who attack you in melee.


Message History

The tengu warrior slips past your jelly zombie!
Something hits your jelly zombie!!
Your jelly zombie is destroyed!
Your surroundings suddenly seem different.
You begin recalling your allies.
Your ice beast zombie is recalled.
You finish recalling your allies.
You feel much better.
You start resting.
A tengu warrior is nearby!
Aiming: Iceblast
Press: ? - help, Shift-Dir - straight line, f - tengu warrior
Aim: a tengu warrior, wielding a +2 great sword and wearing a +0 leather armour (heavily wounded, not watching you, ally target)
The mass of ice explodes!
The iceblast engulfs the tengu warrior!!
The tengu warrior is almost dead.
Your ice beast zombie barely misses the tengu warrior.
Your ice beast zombie completely misses the tengu warrior.
You hit the tengu warrior.
The tengu warrior is almost dead.
The tengu warrior hits you with a +2 great sword!!
* * * LOW HITPOINT WARNING * * *
You block the tengu warrior's attack. x2; The tengu warrior slips past you!
The tengu warrior hits you with a +2 great sword!
* * * LOW HITPOINT WARNING * * *
The tengu warrior pecks you but does no damage.
You block the tengu warrior's attack.
You feel much better. The tengu warrior barely misses you.
You block the tengu warrior's attack. The tengu warrior claws you.
* * * LOW HITPOINT WARNING * * *
Aiming: Paralyse
Press: ? - help, Shift-Dir - straight line, f/p - tengu warrior
Aim: a tengu warrior, wielding a +2 great sword and wearing a +0 leather armour (almost dead, ally target, chance to affect: 41%)
The tengu warrior resists with some effort.
The tengu warrior hits you with a +2 great sword!!
* * * LOW HITPOINT WARNING * * *
The tengu warrior pecks you but does no damage.
The tengu warrior claws you.
You die...
Your body rises from the dead as a mindless zombie.

###Z##..............# ####..
#..Z..............## ##...
#................>.####.Z..
#..#.#...............ZZ.Z..
#...###......##############
######...###.[...# ♣.♣ ♣♣.♣♣#Z
#....##..# ##....#♣♣.♣♣#♣...♣#Z
#.....Z.)####QZ..#.Z♣......Z.?.
#.....Z..##...@..#♣♣.♣♣#♣.[.♣#.
####...#.........# ♣.♣ ♣♣.♣♣#.
##..#..#.####.# ♣Z♣ #.# ##
############.#♣♣Z♣ ♣.♣ ♣
#...#♣.♣♣ .♣. ♣ ##.#.#.♣♣ ♣ ♣ ♣
#....#♣.♣♣ ♣ #....#♣♣Z♣♣ ♣
#....#♣♣♣.♣ #♣


You could see a tengu warrior (ally target) and a friendly ice beast zombie.

Vanquished Creatures
  A wyvern (D:7)
  An orc warrior (D:6)
  2 sky beasts
  An ogre (D:5)
  2 black bears
  2 ice beasts (D:7)
  2 centaurs
  3 kobold brigands
  5 bullfrogs
  A gnoll sergeant (D:5)
  3 scorpions
  4 wights (D:6)
  A killer bee (D:7)
  3 orc priests
  8 hounds
  2 jellies
  A bombardier beetle (D:5)
  A gnoll bouda (D:6)
  3 iguanas
  A sleepcap (D:7)
  Ijyb (D:4)
  8 orc wizards
  6 gnolls
  6 adders
  4 shadow imps
  5 white imps
  3 dart slugs
  2 ribbon worms
  20 orcs
  9 bats
  2 endoplasms
  6 giant cockroaches
  5 hobgoblins
  5 jackals
  22 kobolds
  3 quokkas
  6 ball pythons
  A frilled lizard (D:2)
  9 goblins
  7 rats
177 creatures vanquished.

Vanquished Creatures (collateral kills)
  An ogre (D:6)
  A phantom (D:7)
  A scorpion (D:6)
  A jelly (D:7)
  An iguana (D:6)
  An orc wizard (D:7)
  2 gnolls (D:6)
  A white imp (D:6)
  2 orcs
11 creatures vanquished.

Vanquished Creatures (others)
  A centaur zombie (D:7)
  A bullfrog zombie (D:7)
  A scorpion zombie (D:7)
  An orc wizard (D:7)
  A killer bee zombie (D:7)
  A kobold zombie (D:7)
  An iguana zombie (D:6)
  2 jelly zombies (D:7)
  A spectral shadow imp (D:7)
  A gnoll zombie (D:6)
  6 orc zombies
17 creatures vanquished.

Grand Total: 205 creatures vanquished

Notes
Turn   | Place    | Note
-------+----------+-------------------------------------------
     0 | D:1      | hawla the Minotaur Fighter began the quest for the Orb.
     0 | D:1      | Reached XP level 1. HP: 19/19 MP: 0/0
     6 | D:1      | Noticed a black mamba
     6 | D:1      | Noticed a wolf
     6 | D:1      | Noticed a swamp worm
     7 | D:1      | Noticed a crocodile
     7 | D:1      | Noticed a black bear
    60 | D:1      | Reached XP level 2. HP: 23/26 MP: 1/1
   182 | D:1      | Found a faded altar of an unknown god.
   239 | D:1      | Reached skill level 5 in Shields
   352 | D:1      | Reached XP level 3. HP: 31/31 MP: 2/2
   399 | D:1      | Reached skill level 1 in Dodging
  1092 | D:2      | Reached XP level 4. HP: 39/39 MP: 3/3
  1338 | D:3      | Found a hazy altar of Hepliaklqana.
  1540 | D:3      | Found a glowing drain.
  1560 | Sewer    | Entered a sewer
  1577 | Sewer    | Noticed a kobold brigand
  1587 | Sewer    | Killed a kobold brigand
  1588 | Sewer    | Reached XP level 5. HP: 38/45 MP: 4/4
  1628 | Sewer    | Reached skill level 5 in Dodging
  1742 | Sewer    | Reached XP level 6. HP: 51/51 MP: 5/5
  1897 | D:3      | Found Xuuhisu's One-of-a-Kind Rings.
  2442 | D:4      | Found Pauq's Distillery.
  2595 | D:4      | Noticed Ijyb
  2601 | D:4      | Killed Ijyb
  2677 | D:4      | Found Noalukla's Assorted Antiques.
  2767 | D:4      | Bought a scroll labelled VIOTOAL QIOPLE for 21 gold pieces
  2926 | D:4      | Reached XP level 7. HP: 38/57 MP: 6/6
  3023 | D:4      | Found Fipsozou's General Store.
  3031 | D:4      | Found Donkiup's Jewellery Shop.
  3049 | D:4      | Bought a potion of heal wounds for 60 gold pieces
  3283 | D:5      | Entered Level 5 of the Dungeon
  3296 | D:5      | Reached skill level 1 in Evocations
  3767 | D:5      | Reached skill level 4 in Fighting
  3767 | D:5      | Reached XP level 8. HP: 64/66 MP: 7/7
  3974 | D:5      | Reached skill level 5 in Fighting
  4118 | D:5      | Found a staircase to the Ecumenical Temple.
  4212 | Temple   | Entered the Ecumenical Temple
  4283 | Temple   | Became a worshipper of Yredelemnul the Dark
  4489 | D:6      | Reached * piety under Yredelemnul
  4490 | D:6      | Reached skill level 6 in Fighting
  4552 | D:6      | Reached skill level 7 in Fighting
  4569 | D:6      | Reached ** piety under Yredelemnul
  4778 | D:6      | Reached skill level 8 in Fighting
  4782 | D:6      | Reached *** piety under Yredelemnul
  4821 | D:6      | Reached skill level 9 in Fighting
  4821 | D:6      | Reached skill level 1 in Invocations
  5023 | D:6      | Reached XP level 9. HP: 83/83 MP: 8/10
  5713 | D:7      | Reached skill level 5 in Invocations
  5916 | D:7      | Noticed a tengu warrior
  6315 | D:7      | Found a bloodstained altar of Trog.
  6468 | D:7      | HP: 3/83 [tengu warrior/+2 great sword (10)]
  6490 | D:7      | HP: 3/83 [tengu warrior/+2 great sword (12)]
  6492 | D:7      | Slain by a tengu warrior

Illustrated notes

Levels and vault maps discovered:
D:1:      onia_arrival_zoo_common, layout_rooms,
          ebering_ecumenical_altar_petrified
D:2:      layout_basic
D:3:      layout_loops_corners, lemuel_doored_altar, portal_sewer_entry_a,
          nicolae_shop_unique_rings, grunt_ministairs_11
D:4:      layout_loops_ring, serial_shops, shop, shop, shop, shop_statue,
          uniq_ijyb
D:5:      nicolae_cairo_tiling_large_dashed, layout_basic,
          minmay_temple_entry_proselytizer
D:6:      layout_basic, nrook_pool_corridor
D:7:      nzn_winding_woodlands_medium [nzn_winding_woodlands_5x5_checkerboard,
          nzn_winding_woodlands_5x15_crooked, nzn_winding_woodlands_5x5_cross,
          nzn_winding_woodlands_5x5_closed_star,
          nzn_winding_woodlands_center_diamonds,
          nzn_winding_woodlands_5x5_default,
          nzn_winding_woodlands_5x5_open_star, nzn_winding_woodlands_5x15_pool,
          nzn_winding_woodlands_5x5_perimeter], layout_cave_pools,
          lightli_temple_of_fire
Temple:   minmay_temple_bridge_d

Skill      XL: |  1  2  3  4  5  6  7  8  9 |
---------------+----------------------------+-----
Shields        | 4 5 |  5.0
Dodging        | 2 4 5 7 8 |  8.0
Evocations     | 4 |  4.0
Fighting       | 4 9 |  9.0
Invocations    | 2 8 |  8.1
Axes           | |  2.4
Armour         | |  3.6

Action                     |  1- 3 |  4- 6 |  7- 9 || total
---------------------------+-------+-------+-------++-------
  Melee: War axe           |    69 |   134 |   210 ||   413
         Headbutt          |     8 |    17 |    45 ||    70
 Invoke: Dark Bargain      |       |       |     3 ||     3
         Recall Undead Har |       |       |     4 ||     4
  Evoke: Wand              |       |       |     2 ||     2
    Use: Scroll            |     4 |     1 |     8 ||    13
         Potion            |       |     1 |     3 ||     4
   Stab: Invisible         |       |       |     2 ||     2
 Armour: Scale mail        |    43 |    25 |       ||    68
         Chain mail        |       |   112 |   108 ||   220
         Plate armour      |       |       |   126 ||   126
  Dodge: Dodged            |    31 |    71 |    76 ||   178
         Repelled          |       |       |     2 ||     2
  Block: Buckler           |    11 |    38 |     9 ||    58
         Tower shield      |       |       |   222 ||   222
